 Dungeon Crawl Stone Soup version 0.25.0-15-gac7dcb8919 (webtiles) character file.

Game seed: 17026435332345859598

50 protoss039 the Grave Robber (level 3, 0/18 HPs)
             Began as a Vampire Necromancer on June 30, 2020.
             Slain by an adder (5 damage)
             ... on level 2 of the Dungeon.
             The game lasted 00:05:19 (1519 turns).

protoss039 the Grave Robber (Vampire Necromancer)   Turns: 1519, Time: 00:05:19

Health: 0/18       AC:  3    Str:  7    XL:     3   Next: 55%
Magic:  0/6        EV: 12    Int: 18    God:
Gold:   58         SH:  0    Dex: 14    Spells: 5/7 levels left

rFire    . . .     SeeInvis +   c - +0 short sword
rCold    + + .     Gourm    .   (no shield)
rNeg     + + +     Faith    .   a - +0 robe
rPois    ∞         Spirit   .   (no helmet)
rElec    .         Reflect  .   f - +0 cloak
rCorr    .         Harm     .   (no gloves)
MR       .....                  (no boots)
Stlth    +++++.....             (no amulet)
HPRegen  0.00/turn              (no ring)
MPRegen  0.10/turn              (no ring)

@: bloodless
A: no food, fangs 3, see invisible, [frail 1], unbreathing
a: Bat Form, Revivify


You were on level 2 of the Dungeon.
You were bloodless.

You visited 1 branch of the dungeon, and saw 2 of its levels.

You collected 58 gold pieces.

Inventory:

Hand Weapons
 c - a +0 short sword (weapon)
Armour
 a - a +0 robe (worn)
 f - a +0 cloak (worn)
Jewellery
 b - an uncursed amulet of guardian spirit {unknown}
 k - an uncursed ring of protection from magic {unknown}
Scrolls
 e - a scroll of random uselessness {unknown}
 g - a scroll of remove curse {unknown}
 h - a scroll of teleportation {unknown}
 j - 2 scrolls of identify {unknown}
Potions
 d - a potion of resistance {unknown}
 i - a potion of stabbing {unknown}


   Skills:
 * Level 1.0 Fighting
 - Level 2.2 Dodging
 * Level 4.0 Stealth
 + Level 2.5 Spellcasting
 - Level 4.9 Necromancy


You had 5 spell levels left.
You knew the following spells:

 Your Spells              Type           Power        Failure   Level  Hunger
a - Pain                  Necr           ###.         2%          1    N/A
b - Animate Skeleton      Necr           N/A          2%          1    N/A

Your spell library contained the following spells:

 Spells                   Type           Power        Failure   Level  Hunger
 Vampiric Draining        Necr           ###.......   7%          3    N/A
 Animate Dead             Necr           N/A          22%         4    N/A
 Agony                    Necr           ###.....     54%         5    N/A

Dungeon Overview and Level Annotations

Branches:
Dungeon (2/15)

Altars:


Innate Abilities, Weirdness & Mutations

You do not eat.
You do not regenerate when monsters are visible.
You are frail without blood (-20% HP).
You can heal yourself when you bite living creatures.
You are immune to poison.
You have razor-sharp teeth.
You have supernaturally acute eyesight. (SInv)
You can survive without breathing.
[You are frail. (-10% HP)]


Message History

Casting: Pain (safe; 2% risk of failure)
Confirm with . or Enter, or press ? or * to list all spells.
Aiming: Pain (safe; 2% risk of failure)
Press: ? - help, Shift-Dir - straight line, f/p - adder
Aim: an adder (heavily wounded, chance to defeat MR: 85%)
The adder writhes in agony.
The adder barely misses you.
Casting: Pain (safe; 2% risk of failure)
Confirm with . or Enter, or press ? or * to list all spells.
You don't have enough magic to cast that spell.
Unknown command.
You hit the adder.
The adder is almost dead.
The adder bites you but does no damage. The adder completely misses you.
You closely miss the adder.
The adder is almost dead.
The adder barely misses you.
You closely miss the adder.
The adder is almost dead.
The adder bites you but does no damage. The adder bites you.
You die...

###...### .# #...# .#
##..# .# #..# #.#
#..####.# #.....#.#
#.###.#.# #.# #.#.# #>#
#@#.# #†# #S#.########
#.###.#.........
#.#.....########
##.#..)..#############.
#......................
##.#.....#######.......
###...........†.......
#############.......


You could see an adder.

Vanquished Creatures
  An adder (D:2)
  An ooze (D:2)
  A worm (D:2)
  2 leopard geckos
  2 giant cockroaches (D:2)
  5 goblins
  A hobgoblin (D:1)
  6 kobolds
  6 bats
  3 frilled lizards (D:1)
  6 rats
34 creatures vanquished.

Notes
Turn   | Place    | Note
-------+----------+-------------------------------------------
     0 | D:1      | protoss039 the Vampire Necromancer began the quest for the
                  | Orb.
     0 | D:1      | Reached XP level 1. HP: 13/13 MP: 3/3
   218 | D:1      | Reached XP level 2. HP: 8/19 MP: 1/5
   240 | D:1      | Learned a level 1 spell: Animate Skeleton
  1125 | D:2      | Reached XP level 3. HP: 17/25 MP: 6/6
  1497 | D:2      | Reached skill level 1 in Fighting
  1519 | D:2      | Slain by an adder

Illustrated notes

Levels and vault maps discovered:
D:1:      minmay_arrival_split_and_join, layout_loops_cross, serial_forest,
          infiniplex_forest_clump_diagonal, infiniplex_forest_straight_2,
          infiniplex_forest_straight_3, infiniplex_forest_straight_4,
          infiniplex_forest_clump_diagonal, infiniplex_forest_3_way
D:2:      layout_loops_ring, first_ration, uniq_crazy_yiuf_cottage

Skill      XL: |  1  2  3 |
---------------+----------+-----
Stealth        | 4 |  4.0
Fighting       | 1 |  1.0
Dodging        | |  2.2
Spellcasting   | |  2.5
Necromancy     | |  4.9

Action                   || total
-------------------------++-------
Melee: Short sword       ||   106
       Bite              ||     9
       Unarmed           ||     3
 Cast: Pain              ||    27
       Animate Skeleton  ||     1
 Abil: Exsanguinate      ||     2
       Revivify          ||     1
 Stab: Sleeping          ||     5
Armor: Robe              ||    49
Dodge: Dodged            ||    91
